 Dungeon Crawl Stone Soup version 0.29.1-13-g9f3cf754e1 (webtiles) character file.

Game seed: 8378953900687801848

2 theswoord the Shield-Bearer (level 1, 0/1 (18) HPs)
             Began as a Formicid Fighter on Jan 26, 2023.
             Slain by an adder (1 damage)
             ... on level 2 of the Dungeon.
             The game lasted 00:02:05 (109 turns).

theswoord the Shield-Bearer (Formicid Fighter)       Turns: 109, Time: 00:02:05

HP:   0/1 (18)      AC:  6    Str: 20    XL:     1   Next: 44%
MP:   1/1           EV:  9    Int:  7    God:
Gold: 0             SH:  5    Dex: 13    Spells: 0/0 levels left

rFire   . . .      SeeInvis +   a - +0 quarterstaff
rCold   . . .      Faith    .   c - +0 buckler
rNeg    . . .      Spirit   .   b - +0 scale mail
rPois   .          Reflect  .   (helmet unavailable)
rElec   .          Harm     .   (no cloak)
rCorr   .          Rampage  .   (no gloves)
Will    .....                   (no boots)
Stlth   ..........              (no amulet)
HPRegen 0.01/turn               (no ring)
MPRegen 0.07/turn               (no ring)

@: extremely drained
A: permanent stasis, dig shafts and tunnels, antennae 3, four strong arms
a: Dig, Shaft Self


You were on level 2 of the Dungeon.
You visited 1 branch of the dungeon, and saw 2 of its levels.

Inventory:

Hand Weapons
 a - a +0 quarterstaff (weapon)
Armour
 b - a +0 scale mail (worn)
 c - a +0 buckler (worn)
Jewellery
 e - a +4 ring of protection
Potions
 d - a potion of might


   Skills:
 - Level 3.2 Fighting
 + Level 2.2 Staves
 - Level 3.2 Armour
 - Level 4.0 Shields


You couldn't memorise any spells.
You didn't know any spells.
Your spell library was empty.

Dungeon Overview and Level Annotations

Branches:
Dungeon (2/15) You are so drained that the power of Zot will kill you!

Altars:


Innate Abilities, Weirdness & Mutations

You cannot be hasted, slowed, berserked, paralysed or teleported.
You can dig through walls and to a lower floor.
You have a pair of large antennae on your head. (SInv)
Your four strong arms can wield two-handed weapons with a shield.


Message History

You dig through the rock wall.
You feel drained.
You dig through the rock wall.
You feel drained.
You retract your mandibles.
You extend your mandibles.
You dig through the rock wall.
You feel drained.
You dig through the rock wall.
You feel drained.
You dig through the rock wall.
You feel drained.
You dig through the rock wall.
You feel drained.
You dig through the rock wall.
You feel drained.
You dig through the rock wall.
You feel drained.
You dig through the rock wall.
You feel drained.
You dig through the rock wall.
You feel drained.
You dig through the rock wall.
You feel drained.
You dig through the rock wall.
You feel drained.
You dig through the rock wall.
You feel drained.
You dig through the rock wall.
You feel drained.
You dig through the rock wall.
You feel drained.
You dig through the rock wall.
You feel drained.
You dig through the rock wall.
You feel drained.
You dig through the rock wall.
You feel drained.
You dig through the rock wall.
You feel drained.
An adder and a quokka come into view.
Found a short sword.
The adder hisses angrily.
A kobold comes into view. It is wielding a +0 dagger.
You retract your mandibles.
Found a pair of boots.
Found a stone staircase leading up.
The kobold shouts!
The adder attacks as you move away! The adder bites you but does no damage.
The adder bites you but does no damage. The adder attacks as you move away!
The adder misses you. The adder bites you but does no damage.
The adder attacks as you move away! You block the adder's attack.
The adder attacks as you move away! The adder barely misses you.
You block the adder's attack. The adder attacks as you move away!
The adder barely misses you.
You extend your mandibles.
You dig through the rock wall.
You feel drained. The adder bites you.
Ouch! That really hurt!
You die...

#.#
#.......#####.#
#.# #.......# #.#
#.#######.......#
#K#
#..............#
#.#
#.#########...##
#.# #.# ##.## #.#
#.# ##.#######K#
#.# ##...Sr...#
#.# ###@######
#.# ### ###


You could see an adder, a quokka and a kobold.

Vanquished Creatures
  A giant cockroach (D:2)
  A quokka (D:2)
2 creatures vanquished.

Notes
Turn   | Place    | Note
-------+----------+-------------------------------------------
     0 | D:1      | theswoord the Formicid Fighter began the quest for the Orb.
     0 | D:1      | Reached XP level 1. HP: 18/18 MP: 1/1
     6 | D:1      | You fall into a shaft and drop 1 floor!
   109 | D:2      | Slain by an adder

Action                   || total
-------------------------++-------
Melee: Quarterstaff      ||     2
 Abil: Dig               ||     5
       Shaft Self        ||     1
Armor: Scale mail        ||     5
Dodge: Dodged            ||     3
Block: Buckler           ||     2

Levels and vault maps discovered:
D:1:      psy_arrival_dodecagon, layout_basic,
          hellmonk_ecumenical_altar_leap_of_faith, chequers_jeans,
          chequers_serial_rivers_large_b
D:2:      layout_rooms
